 Dungeon Crawl Stone Soup version 0.28.0-45-g0d030f2227 (webtiles) character file.

Game seed: 5243048326592096888

81 pkoi the Twirler (level 4, -2/36 HPs)
             Began as a Demigod Gladiator on Apr 8, 2022.
             Succumbed to a goblin's poison
             ... on level 2 of the Dungeon.
             The game lasted 00:02:27 (1737 turns).

pkoi the Twirler (Demigod Gladiator)                Turns: 1737, Time: 00:02:27

Health: -2/36      AC:  9    Str: 15    XL:     4   Next: 0%
Magic:  8/8        EV:  7    Int: 14    God:
Gold:   50         SH:  0    Dex: 15    Spells: 5/5 levels left

rFire   . . .      SeeInvis .   a - +0 quarterstaff
rCold   . . .      Faith    .   (shield currently unavailable)
rNeg    . . .      Spirit   .   h - +0 chain mail
rPois   .          Reflect  .   c - +0 helmet
rElec   .          Harm     .   (no cloak)
rCorr   .          Rampage  .   (no gloves)
Will    .....                   (no boots)
Stlth   ..........              (no amulet)
HPRegen 0.12/turn               (no ring)
MPRegen 0.11/turn               (no ring)

@: lethally poisoned (-2 -> -18)
A: high MP 1, forlorn, divine attributes
a: no special abilities


You were on level 2 of the Dungeon.
You visited 1 branch of the dungeon, and saw 2 of its levels.

You collected 50 gold pieces.

Inventory:

Hand Weapons
 a - a +0 quarterstaff (weapon)
Missiles
 d - 3 throwing nets (quivered)
Armour
 b - a +0 leather armour
 c - a +0 helmet (worn)
 h - a +0 chain mail (worn)
Scrolls
 f - a scroll of teleportation {unknown}
 g - a scroll of immolation {unknown}
Potions
 e - a potion of attraction {unknown}
 i - a potion of ambrosia {unknown}
 k - a potion of lignification {unknown}


   Skills:
 - Level 2.0 Fighting
 * Level 4.0 Staves
 - Level 1.7 Throwing
 - Level 3.0 Dodging
 - Level 1.0 Spellcasting


You had 5 spell levels left.
You didn't know any spells.
Your spell library was empty.

Dungeon Overview and Level Annotations

Branches:
Dungeon (2/15)

Annotations:
D:2 Robin


Innate Abilities, Weirdness & Mutations

You have an increased reservoir of magic. (+10% MP)
You shall have no god before yourself.
Your divine heritage dramatically boosts your attributes as you level up.


Message History

The goblin is moderately wounded.
You feel very sick. The goblin hits you but does no damage.
You are more poisoned.
The goblin barely misses you.
A hobgoblin comes into view.
Robin closely misses you. The goblin barely misses you.
Unknown command.
You closely miss the goblin.
The goblin is moderately wounded.
* * * LOW HITPOINT WARNING * * *
You feel very sick. The goblin hits you with a +0 dagger.
* * * LOW HITPOINT WARNING * * *
Robin hits you but does no damage. The goblin barely misses you.
You completely miss the goblin.
The goblin is moderately wounded.
* * * LOW HITPOINT WARNING * * *
You feel very sick. The goblin hits you but does no damage.
A goblin comes into view. It is wielding a +0 dagger.
The goblin barely misses you.
You hit the goblin.
The goblin is heavily wounded.
* * * LOW HITPOINT WARNING * * *
You feel sick. The goblin hits you with a +0 dagger.
* * * LOW HITPOINT WARNING * * *
The goblin hits you but does no damage.
You are more poisoned.
You hit the goblin.
You kill the goblin!
* * * LOW HITPOINT WARNING * * *
You feel very sick. The goblin hits you with a +0 dagger.
* * * LOW HITPOINT WARNING * * *
Robin throws the goblin at you!
The hobgoblin hits you but does no damage.
You have reached level 4!
It was a potion of cancellation.
You feel magically purged.
You die...

...........#########
########............
#............
#............
#[...#######. # #....# #.
#....# #. ########..## ##
#g@g)....># #
.#####g#######.# #
gg.g..g.........###### #
........#............####
#########.###............
............######.####
#######.#........#.....
#.#.###..#.#..### #.#.#
#..#.#..###


You could see Robin, a hobgoblin (strong) and 2 goblins.

Vanquished Creatures
  4 adders (D:2)
  2 dart slugs (D:1)
  2 ball pythons (D:1)
  2 endoplasms (D:2)
  2 giant cockroaches (D:2)
  9 goblins
  3 hobgoblins
  7 bats
  4 frilled lizards (D:1)
  A kobold (D:2)
  5 rats
41 creatures vanquished.

Notes
Turn   | Place    | Note
-------+----------+-------------------------------------------
     0 | D:1      | pkoi the Demigod Gladiator began the quest for the Orb.
     0 | D:1      | Reached XP level 1. HP: 17/17 MP: 3/3
   202 | D:1      | Reached XP level 2. HP: 21/24 MP: 4/4
   208 | D:1      | Reached skill level 3 in Staves
   966 | D:2      | Reached XP level 3. HP: 13/29 MP: 6/6
  1270 | D:2      | Reached skill level 1 in Spellcasting
  1711 | D:2      | Noticed Robin
  1722 | D:2      | Reached skill level 4 in Staves
  1736 | D:2      | HP: 1/29 [goblin/+0 dagger[Robin] (1)]
  1737 | D:2      | Reached XP level 4. HP: 2/36 MP: 8/8
  1737 | D:2      | Succumbed to a goblin's poison

Illustrated notes

Levels and vault maps discovered:
D:1:      minmay_arrival_radiant_lines, layout_basic, basic_ecumenical_altar
D:2:      layout_basic, serial_rivers, chequers_serial_rivers_marsh,
          chequers_serial_rivers_micro_a, chequers_serial_rivers_room_b,
          chequers_serial_rivers_room_a, chequers_serial_rivers_micro_d,
          chequers_serial_rivers_micro_a, basic_altar, grunt_ministairs_15,
          st_stairs_9, uniq_robin

Skill      XL: |  1  2  3 |
---------------+----------+-----
Fighting       | 2 |  2.0
Staves         | 3 4 |  4.0
Dodging        | 3 |  3.0
Spellcasting   | 1 |  1.0
Throwing       | |  1.7

Action                   |  1- 3 |  4- 6 || total
-------------------------+-------+-------++-------
Melee: Quarterstaff      |   106 |       ||   106
  Use: Potion            |       |     1 ||     1
 Stab: Sleeping          |     1 |       ||     1
Armor: Leather armour    |    13 |       ||    13
       Chain mail        |    52 |       ||    52
Dodge: Dodged            |    57 |       ||    57
